 Dungeon Crawl Stone Soup version 0.23.2-32-g37ab1d4649 (webtiles) character file.

Game seed: 16673041563275639907

471 Hatywr the Grave Robber (level 6, 0/41 HPs)
             Began as a Vampire Necromancer on June 26, 2019.
             Slain by Pikel
             ... wielding a +1 whip of freezing
              (3 damage)
             ... on level 5 of the Dungeon.
             The game lasted 00:12:27 (5691 turns).

Hatywr the Grave Robber (Vampire Necromancer)       Turns: 5691, Time: 00:12:27

Health: 0/41       AC:  2    Str:  7    XL:     6   Next: 83%
Magic:  2/12       EV: 13    Int: 19    God:
Gold:   142        SH:  0    Dex: 15    Spells: 2/14 levels left

rFire    . . .     SeeInvis +   m - +3 whip
rCold    . . .     Gourm    .   (no shield)
rNeg     + . .     Faith    .   a - +0 robe
rPois    .         Spirit   .   (no helmet)
rElec    .         Reflect  .   (no cloak)
rCorr    .         Harm     .   (no gloves)
MR       .....                  (no boots)
Stlth    +++.......             (no amulet)
HPRegen  0.13/turn              (no ring)
MPRegen  0.13/turn              (no ring)

@: no status effects
A: fangs 3, see invisible, unbreathing
a: Bat Form


You were on level 5 of the Dungeon.
You were not thirsty.

You visited 1 branch of the dungeon, and saw 5 of its levels.

You collected 142 gold pieces.

Inventory:

Hand Weapons
 d - a +0 short sword
 k - a +0 whip
 m - a +3 whip (weapon)
Armour
 a - a +0 robe (worn)
Jewellery
 o - a +5 ring of strength {unknown}
 q - a +2 ring of dexterity {unknown}
 s - a +4 ring of dexterity {unknown}
Scrolls
 e - a scroll of amnesia
 j - a scroll of remove curse {unknown}
 l - a scroll of identify
 p - a scroll of immolation {unknown}
 t - a scroll of enchant weapon {unknown}
Potions
 b - 2 potions of curing {unknown}
 c - 5 potions of blood
 f - a potion of invisibility {unknown}
 g - 2 potions of heal wounds {unknown}
 h - 2 potions of resistance {unknown}
 i - a potion of haste {unknown}
 r - a potion of lignification {unknown}
 u - a potion of flight {unknown}


   Skills:
 - Level 2.1 Dodging
 - Level 5.5 Stealth
 + Level 4.6 Spellcasting
 + Level 6.7 Necromancy


You had 2 spell levels left.
You knew the following spells:

 Your Spells              Type           Power        Failure   Level  Hunger
a - Pain                  Necr           ####         1%          1    None
b - Animate Skeleton      Necr           N/A          1%          1    None
c - Animate Dead          Necr           N/A          9%          4    ####...
d - Regeneration          Chrm/Necr      ###.......   10%         3    ###....
e - Vampiric Draining     Necr           ####......   2%          3    ###....

Your spell library contained the following spells:

 Spells                   Type           Power        Failure   Level  Hunger


Dungeon Overview and Level Annotations

Branches:
Dungeon (5/15)
 Temple: D:4-7

Altars:
Gozag
Okawaru

Annotations:
D:5 Pikel


Innate Abilities, Weirdness & Mutations

You have razor-sharp teeth.
You have supernaturally acute eyesight. (SInv)
You can survive without breathing.


Message History

Pikel hits you with a +1 whip of freezing!
Pikel freezes you.
You hit Pikel.
Pikel is heavily wounded.
Pikel barely misses you.
Pikel hits you with a +1 whip of freezing!
* * * LOW HITPOINT WARNING * * *
Pikel freezes you.
* * * LOW HITPOINT WARNING * * *
Casting: Vampiric Draining (safe; 2% risk of failure)
Confirm with . or Enter, or press ? or * to list all spells.
Aiming: Vampiric Draining (safe; 2% risk of failure)
Press: ? - help, Shift-Dir - straight line, f/p - Pikel
Aim: Pikel, wielding a +1 whip of freezing and wearing a +0 robe (heavily wounded) Pikel is almost dead.
You feel life coursing into your body.
Pikel hits you with a +1 whip of freezing!
* * * LOW HITPOINT WARNING * * *
Pikel freezes you.
You die...

..# #.# #<# ##.##
... #.# #.# #[#
#@# # #K##.#.##
#.#.#####p.......
.......>.........
..#.########..###
..# .# #


You could see Pikel and a slave.

Vanquished Creatures
  A hungry ghost (D:5)
  2 slaves (D:5)
  A sky beast (D:5)
  Natasha (thrice) (D:3)
  8 adders
  2 worms (D:3)
  2 dart slugs (D:2)
  3 leopard geckos
  9 orcs (D:3)
  2 ball pythons (D:3)
  3 giant cockroaches (D:2)
  7 goblins
  7 hobgoblins
  4 jackals (D:2)
  2 quokkas (D:2)
  6 bats
  A frilled lizard (D:3)
  7 kobolds
  13 rats
83 creatures vanquished.

Vanquished Creatures (collateral kills)
  An adder skeleton (D:3)
  A jackal skeleton (D:3)
2 creatures vanquished.

Grand Total: 85 creatures vanquished

Notes
Turn   | Place    | Note
-------+----------+-------------------------------------------
     0 | D:1      | Hatywr the Vampire Necromancer began the quest for the Orb.
     0 | D:1      | Reached XP level 1. HP: 13/13 MP: 3/3
     2 | D:1      | Learned a level 1 spell: Animate Skeleton
   461 | D:1      | Found an iron altar of Okawaru.
   476 | D:1      | Reached XP level 2. HP: 16/19 MP: 0/5
  1179 | D:2      | Reached skill level 5 in Stealth
  1600 | D:2      | Reached XP level 3. HP: 17/24 MP: 0/6
  2738 | D:2      | Reached XP level 4. HP: 29/30 MP: 4/7
  3318 | D:2      | Learned a level 4 spell: Animate Dead
  3423 | D:3      | Reached skill level 5 in Necromancy
  3775 | D:3      | Noticed Natasha
  3801 | D:3      | Killed Natasha
  3851 | D:3      | Reached XP level 5. HP: 32/35 MP: 5/9
  3900 | D:3      | Found an opulent altar of Gozag.
  3923 | D:3      | Noticed Natasha
  3929 | D:3      | Killed Natasha
  4335 | D:3      | Learned a level 3 spell: Regeneration
  4579 | D:3      | Noticed Natasha
  4595 | D:3      | Killed Natasha
  4931 | D:4      | Noticed a hungry ghost
  5023 | D:4      | Noticed a slave
  5024 | D:4      | Noticed a slave
  5025 | D:4      | Noticed Pikel
  5025 | D:4      | Noticed a slave
  5027 | D:4      | Noticed a slave
  5034 | D:5      | Entered Level 5 of the Dungeon
  5098 | D:5      | Noticed a sky beast
  5182 | D:5      | Killed a sky beast
  5182 | D:5      | Reached skill level 6 in Necromancy
  5182 | D:5      | Reached XP level 6. HP: 31/41 MP: 3/12
  5272 | D:5      | Learned a level 3 spell: Vampiric Draining
  5282 | D:5      | Killed a slave
  5294 | D:5      | Killed a slave
  5682 | D:5      | Killed a hungry ghost
  5691 | D:5      | Slain by Pikel

Skill      XL: |  1  2  3  4  5 |
---------------+----------------+-----
Stealth        | 4 5 |  5.5
Necromancy     | 5 6 |  6.7
Spellcasting   | 3 4 |  4.6
Dodging        | |  2.1

Action                   |  1- 3 |  4- 6 || total
-------------------------+-------+-------++-------
Melee: Unarmed           |     6 |       ||     6
       Bite              |     3 |     6 ||     9
       Short sword       |     1 |       ||     1
       Whip              |    14 |    69 ||    83
 Cast: Pain              |    64 |    88 ||   152
       Animate Skeleton  |     2 |     4 ||     6
       Regeneration      |       |     3 ||     3
       Animate Dead      |       |     1 ||     1
       Vampiric Draining |       |     6 ||     6
  Use: Potion            |     5 |     1 ||     6
       Scroll            |       |     2 ||     2
 Stab: Sleeping          |       |     2 ||     2
  Eat: Corpse            |       |     8 ||     8
Armor: Robe              |     7 |     9 ||    16
Dodge: Dodged            |    22 |    65 ||    87
